AoeStats
← Sebastian2Go

MegaRandom

505114129Analyzed
1v1 RM · 24d ago on Sep 7, 2026· 58m 51s· 2 players
Game mode
Random Map
Map size
Tiny (2 player)
Population
200
Speed
Normal
Resources
Standard
Victory
Conquest
Starting age
Dark Age
Ending age
Imperial Age
RankedLock teamsTeams togetherTeam positionsShared explorationLock speedFull tech treeHidden civsTurbo modeCheats
Victory
Defeat
🇳🇱 Huns · Netherlands
605
+13
🇨🇴 Chinese · Colombia
534
-17
Ceylan015472
12:48 Feudal Age
13:13 Double-Bit Axe
13:12 Horse Collar
13:52 Town Watch
17:28 Bloodlines
17:27 Scale Barding Armor
17:34 Forging
20:02 Padded Archer Armor
19:54 Fletching
24:31 Castle Age
25:22 Light Cavalry
26:04 Husbandry
28:44 Gold Mining
28:45 Stone Mining
29:37 Town Patrol
30:12 Chain Barding Armor
30:29 Leather Archer Armor
30:12 Bodkin Arrow
30:40 Pikeman
31:22 Squires
31:08 Arson
32:17 Iron Casting
32:24 Bow Saw
33:35 Elite Skirmisher
34:47 Thumb Ring
40:51 Imperial Age
41:37 Bracer
41:09 Heavy Cavalry Archer
42:24 Parthian Tactics
42:17 Hussar
48:40 Gold Shaft Mining
48:11 Heavy Plow
49:14 Two-Man Saw
52:45 Chain Barding Armor
53:06 Iron Casting
56:20 Chemistry
55:42 Ballistics
Sebastian2Go
1:42 Loom
12:57 Feudal Age
15:02 Double-Bit Axe
20:53 Scale Barding Armor
22:49 Bloodlines
27:02 Padded Archer Armor
26:53 Fletching
27:50 Gold Mining
27:51 Stone Mining
32:39 Castle Age
32:52 Scale Mail Armor
33:03 Forging
32:58 Crossbowman
33:01 Elite Skirmisher
34:31 Pikeman
35:12 Squires
35:19 Squires
34:41 Man-at-Arms
37:05 Gold Shaft Mining
37:06 Stone Shaft Mining
36:47 Bow Saw
36:21 Horse Collar
39:42 Thumb Ring
39:25 Long Swordsman
41:19 Arson
43:09 Ballistics
43:00 Siphons
44:12 Wheelbarrow
43:23 Town Watch
43:45 Heavy Plow
44:41 Great Wall
45:37 Heated Shot
46:08 Ballistics
46:35 Husbandry
45:56 Light Cavalry
47:43 Hand Cart
47:29 Town Patrol
51:49 Imperial Age
54:05 Halberdier
54:06 Elite Fire Lancer
55:49 Heavy Rocket Cart
56:35 Two-Handed Swordsman
Connection lost

Rejoining the realm…

Still unreachable

The connection could not be restored.

Session expired

The server has moved on; the page needs a fresh start.